AoeStats
← LA RATA

Arabia

506551427Analyzed
1v1 RM · 18d ago on Sep 14, 2026· 44m 33s· 2 players
Game mode
Random Map
Map size
Tiny (2 player)
Population
200
Speed
Normal
Resources
Standard
Victory
Conquest
Starting age
Dark Age
Ending age
Imperial Age
RankedLock teamsTeams togetherTeam positionsShared explorationLock speedFull tech treeHidden civsTurbo modeCheats
Victory
Defeat
🇨🇱 Khmer · Chile
1107
+17
🇦🇷 Khmer · Argentina
1129
-17
Cisco Beats
4:05 Loom
10:27 Feudal Age
15:51 Castle Age
14:05 Double-Bit Axe
14:27 Horse Collar
22:18 Wheelbarrow
21:56 Heavy Plow
23:20 Town Watch
24:19 Bloodlines
25:02 Bow Saw
25:21 Husbandry
27:26 Scale Barding Armor
27:49 Forging
29:05 Chain Barding Armor
30:38 Fletching
35:02 Imperial Age
34:44 Iron Casting
36:45 Conscription
37:10 Devotion
37:58 Plate Barding Armor
38:43 Light Cavalry
40:05 Bodkin Arrow
39:40 Hussar
44:04 Blast Furnace
44:23 Tusk Swords
LA RATA
6:53 Loom
9:17 Feudal Age
10:20 Double-Bit Axe
19:31 Castle Age
18:30 Horse Collar
20:31 Bow Saw
22:19 Wheelbarrow
23:13 Bloodlines
24:38 Gold Mining
25:56 Hand Cart
27:39 Fletching
27:55 Scale Barding Armor
27:42 Pikeman
32:55 Fervor
33:01 Scale Mail Armor
35:17 Forging
35:22 Chain Mail Armor
35:01 Town Watch
42:09 Imperial Age
44:47 Iron Casting
Connection lost

Rejoining the realm…

Still unreachable

The connection could not be restored.

Session expired

The server has moved on; the page needs a fresh start.